 Dungeon Crawl Stone Soup version 0.32-a0-931-g5a2cda0 (webtiles) character file.

Game seed: 8507053220433796172

487 tfc653 the Trooper (level 6, -1/52 HPs)
             Began as a Mummy Fighter on Apr 13, 2024.
             Was an Initiate of Gozag.
             Slain by an iguana (11 damage)
             ... on level 5 of the Dungeon.
             The game lasted 00:07:59 (3770 turns).

tfc653 the Trooper (Mummy Fighter)                  Turns: 3770, Time: 00:08:00

Health: -1/52      AC:  7    Str: 22    XL:     6   Next: 89%
Magic:  6/6        EV:  8    Int:  7    God:    Gozag
Gold:   268        SH:  4    Dex: 11    Spells: 5/5 levels left

rFire   x . .        a - +0 long sword
rCold   + . .        c - +0 buckler
rNeg    + + +        b - +1 scale mail
rPois   ∞            (no helmet)
rElec   .            (no cloak)
rCorr   .            (no gloves)
SInv    .            (no boots)
Will    .....        d - amulet of magic regeneration Stlth
                     (no ring)
HPRegen 0.28/turn    (no ring)
MPRegen 0.50/turn

%: faith
@: no status effects
A: cold resistance 1, negative energy resistance 3, torment resistance 2, heat
vulnerability 1, in touch with death 1, no potions, faith
a: Renounce Religion, Potion Petition, Call Merchant, Bribe Branch


You were on level 5 of the Dungeon.
You worshipped Gozag.
Gozag was aware of your devotion.
You visited 2 branches of the dungeon, and saw 6 of its levels.

You collected 353 gold pieces.
You paid 85 gold pieces to Gozag.

Inventory:

Hand Weapons
 a - a +0 long sword (weapon)
Armour
 b - a +1 scale mail (worn)
 c - a +0 buckler (worn)
Jewellery
 d - an amulet of magic regeneration (around neck)
Wands
 h - a wand of roots (8)
Scrolls
 e - a scroll of identify


   Skills:
 + Level 5.9 Fighting
 + Level 4.5 Long Blades
 - Level 2.4 Armour
 - Level 2.4 Shields


You had 5 spell levels left.
You didn't know any spells.
Your spell library contained the following spells:

 Spells                   Type           Power      Damage    Failure   Level
 Lesser Beckoning         Tloc           0%         N/A       92%         2
 Maxwell's Portable Pile  Tloc           0%         2d(5-13)  99%         3
 Stone Arrow              Conj/Erth      0%         3d7       99%         3
 Teleport Other           Tloc           0%         N/A       99%         3
 Animate Armour           Summ/Erth      0%         N/A       100%        4
 Leda's Liquefaction      Alch/Erth      0%         N/A       100%        4
 Lee's Rapid Deconstruct  Erth           0%         3d4*      100%        5
 Permafrost Eruption      Ice/Erth       0%         2x4d1     100%        6
 Haunt                    Necr/Summ      0%         N/A       100%        7
 Lehudib's Crystal Spear  Conj/Erth      0%         10d2      100%        8
 Borgnjor's Revivificati  Necr           Unusable   N/A       N/A         8
 Death's Door             Necr           Unusable   N/A       N/A         9

Dungeon Overview and Level Annotations

Branches:
Dungeon (5/15)             Temple (1/1) D:4

Altars:
Ashenzari
Cheibriados
Dithmenos
Fedhas
Gozag
Hepliaklqana
Kikubaaqudgha
Makhleb
Nemelex Xobeh
Okawaru
Qazlal
Ru
Sif Muna
Uskayaw
Vehumet
Wu Jian
Xom
Yredelemnul


Innate Abilities, Weirdness & Mutations

You are immune to poison.
Your flesh is cold resistant. (rC+)
You are immune to negative energy. (rN+++)
You are immune to unholy pain and torment.
You are vulnerable to heat. (rF-)
You are in touch with the powers of death.
You do not drink.
You have a special connection with the divine. (Faith)


Message History

You hit the iguana but do no damage.
The iguana is moderately wounded.
The iguana bites you!
You are too injured to fight recklessly!
You are too injured to fight recklessly!
You are too injured to fight recklessly!
You are too injured to fight recklessly!
You are too injured to fight recklessly!
You are too injured to fight recklessly!
You are too injured to fight recklessly!
You are too injured to fight recklessly!
You are too injured to fight recklessly!
An iguana is nearby!
You are too injured to fight recklessly!
You are too injured to fight recklessly!
You hit the iguana but do no damage.
The iguana is moderately wounded.
The iguana bites you but does no damage.
You barely miss the iguana.
The iguana is moderately wounded.
The iguana hisses menacingly.
The iguana barely misses you. The iguana bites you.
You barely miss the iguana.
The iguana is moderately wounded.
You block the iguana's attack.
You hit the iguana but do no damage.
The iguana is moderately wounded.
The iguana barely misses you.
You hit the iguana but do no damage.
The iguana is moderately wounded.
The iguana closely misses you.
You hit the iguana but do no damage.
The iguana is moderately wounded.
The iguana bites you!
* * * LOW HITPOINT WARNING * * *
You slash the iguana!
The iguana is severely wounded.
The iguana bites you!
You die...
Your body crumbles into a pile of gold.

#.#.###.# #.#..##.#
#.##.##.# #.##.##.#
#.##.##.# # #.......# #
##.# #....######
##....########.#...####.
......l@..............'.
##..$.########.#...####.
##.# #.##.## ## # #.####
# #.# #.# #.########
#........# ########.#


You could see an iguana.

Vanquished Creatures
  Sigmund (D:3)
  A scorpion (D:4)
  A hound (D:5)
  A sleepcap (D:4)
  Terence (D:3)
  3 iguanas
  3 adders
  A dart slug (D:2)
  A ribbon worm (D:2)
  2 orcs
  4 endoplasms
  7 giant cockroaches
  7 goblins
  7 hobgoblins
  3 jackals
  5 kobolds
  10 ball pythons
  3 bats
  4 rats
65 creatures vanquished.

Notes
Turn   | Place    | Note
-------+----------+-------------------------------------------
     0 | D:1      | tfc653 the Mummy Fighter began the quest for the Orb.
     0 | D:1      | Reached XP level 1. HP: 18/18 MP: 1/1
   301 | D:1      | Reached XP level 2. HP: 24/24 MP: 2/2
  1206 | D:2      | Reached XP level 3. HP: 28/29 MP: 3/3
  1532 | D:2      | You fall into a shaft and drop 1 floor!
  1562 | D:3      | Noticed Sigmund
  1585 | D:3      | Killed Sigmund
  1586 | D:3      | Reached skill level 5 in Fighting
  1586 | D:3      | Reached XP level 4. HP: 18/39 MP: 4/4
  1586 | D:3      | Reached XP level 5. HP: 20/44 MP: 5/5
  1728 | D:3      | Noticed Terence
  1743 | D:3      | Killed Terence
  2491 | D:3      | Reached XP level 6. HP: 51/51 MP: 6/6
  2963 | D:4      | Found a staircase to the Ecumenical Temple.
  3256 | Temple   | Entered the Ecumenical Temple
  3315 | Temple   | Became a worshipper of Gozag Ym Sagoz the Greedy
  3487 | D:5      | Entered Level 5 of the Dungeon
  3770 | D:5      | Slain by an iguana

Illustrated notes

Levels and vault maps discovered:
D:1:      dpeg_arrival_water_fire, layout_basic, minmay_misc_feat_x,
          minmay_tromino_i2
D:2:      layout_rooms
D:3:      layout_basic, chequers_garden, uniq_terence, uniq_sigmund
D:4:      layout_rooms, minmay_temple_entry_glass,
          nicolae_elevator_lobby_asterisk
D:5:      layout_loops_corners
Temple:   mainiacjoe_temple_trianglar_array

Skill      XL: |  1  2  3  4  5  6 |
---------------+-------------------+-----
Long Blades    | 2 3 4 |  4.5
Fighting       | 5 |  5.9
Armour         | |  2.4
Shields        | |  2.4

Action                     |  1- 3 |  4- 6 || total
---------------------------+-------+-------++-------
  Melee: Long sword        |   126 |   171 ||   297
    Use: Scroll            |       |     7 ||     7
 Armour: Scale mail        |    93 |   170 ||   263
  Dodge: Dodged            |    68 |    91 ||   159
  Block: Buckler           |    22 |    45 ||    67

Table legend: (Time is in decaauts)
 A = Elapsed time spent in this place.
 B = Non-inter-level travel time spent in this place.
 C = Inter-level travel time spent in this place.
 D = Time resting spent in this place.
 E = Time spent auto-exploring this place.
 F = Levels seen in this place.
 G = Mean time per level.
                   A        B        C        D        E       F      G
               +--------+--------+--------+--------+--------+-----+--------+
         Total |   3852 |   3685 |    167 |    377 |   2539 |   6 |  642.0 |
       Dungeon |   3752 |   3603 |    149 |    377 |   2539 |   5 |  750.4 |
        Temple |    100 |     82 |     18 |      0 |      0 |   1 |  100.0 |
               +--------+--------+--------+--------+--------+-----+--------+

Top non-repeatable levels by time:
     D:1: 1169 daAuts
     D:3: 970 daAuts
     D:4: 797 daAuts
     D:2: 524 daAuts
     D:5: 290 daAuts
  Temple: 100 daAuts
